Map: Purity and Industry LE

Players

TLHarstem (Harstem) - Winner!

  • Race: Protoss Protoss
  • League: Master
  • Spawn Location: 12:00

LiquidClem (Clem)

  • Race: Terran Terran
  • League: Grandmaster
  • Spawn Location: 3:00

Event: StayAtHomestory Cup #1

VOD

Have the link to the VOD?

Description

Time

  • Played on: April 10, 2020, 9:39 a.m.
  • Length: 14:50

All games in this series

Show
View Real Time Build Order
Export as new Build Order

TLHarstem Protoss - Winner!

Build Orders: 1 Gate Expand, Phoenix Opening 

Get SALT Encoding   

  12  0:00  Probe  
  13  0:12  Probe  
  14  0:17  Pylon  
  14  0:25  Probe (Chrono Boost)  
  15  0:37  Probe (Chrono Boost), Gateway  
  16  0:45  Probe (Chrono Boost)  
  16  0:47  Assimilator  
  17  0:51  Probe  
  18  1:03  Probe  
  19  1:15  Probe  
  20  1:22  Nexus  
  20  1:31  Cybernetics Core  
  20  1:34  Probe  
  20  1:38  Assimilator  
  21  1:46  Probe  
  22  1:49  Pylon  
  22  1:58  Probe  
  23  2:04  Adept (Chrono Boost)  
  25  2:10  Probe  
  26  2:16  Stargate  
  26  2:22  Probe  
  27  2:27  Adept  
  29  2:30  Warp Gate  
  29  2:35  Probe x2 (Chrono Boost)  
  33  2:44  Probe x2 (Chrono Boost)  
  33  2:49  Probe (Chrono Boost)  
  33  2:50  Probe  
  35  2:59  Phoenix (Chrono Boost)  
  35  3:01  Probe  
  35  3:02  Probe  
  39  3:13  Probe  
  39  3:14  Probe  
  39  3:15  Pylon  
  41  3:21  Phoenix (Chrono Boost)  
  41  3:25  Probe  
  44  3:40  Phoenix  
  46  3:42  Nexus  
  46  3:43  Probe  
  46  3:44  Pylon  
  46  3:45  Gateway  
  46  3:47  Probe  
  48  3:55  Probe  
  48  3:56  Pylon  
  48  3:59  Probe  
  50  4:05  Phoenix (Chrono Boost)  
  50  4:08  Probe  
  53  4:11  Probe, Assimilator  
  54  4:18  Zealot  
  54  4:20  Probe  
  54  4:22  Forge  
  54  4:23  Probe  
  58  4:24  Pylon  
  58  4:28  Phoenix  
  60  4:32  Probe  
  60  4:35  Probe  
  62  4:40  Zealot  
  62  4:41  Adept, Twilight Council  
  62  4:44  Probe  
  66  4:48  Probe  
  67  4:53  Pylon  
  67  4:56  Probe, Stalker  
  67  4:58  Stalker  
  71  5:00  Probe  
  72  5:07  Phoenix (Chrono Boost)  
  72  5:09  Probe  
  73  5:16  Zealot x2  
  73  5:19  Probe x2  
  73  5:21  Charge  
  79  5:22  Pylon  
  79  5:25  Probe  
  79  5:38  Stalker x2  
  77  5:43  Probe x3  
  77  5:45  Protoss Ground Armor Level 1 (Chrono Boost)  
  77  5:49  Forge  
  71  5:53  Gateway  
  71  5:56  Probe x2  
  71  5:57  Probe  
  67  6:01  Zealot x2  
  70  6:10  Probe (Chrono Boost)  
  69  6:13  Probe (Chrono Boost)  
  69  6:14  Probe (Chrono Boost)  
  69  6:24  Probe (Chrono Boost), Sentry, Zealot  
  69  6:25  Probe (Chrono Boost), Gateway  
  75  6:27  Probe (Chrono Boost), Gateway, Pylon  
  75  6:28  Probe (Chrono Boost)  
  75  6:32  Probe  
  78  6:37  Probe  
  78  6:39  Assimilator  
  79  6:40  Probe  
  79  6:41  Assimilator  
  79  6:44  Protoss Ground Weapons Level 1 (Chrono Boost)  
  79  6:46  Probe  
  79  6:51  Gateway  
  79  6:53  Probe  
  80  6:55  Gateway, Robotics Facility  
  80  6:59  Probe  
  80  7:01  Zealot x2  
  85  7:04  Pylon  
  85  7:10  Pylon  
  85  7:13  Probe x2  
  87  7:18  Sentry  
  87  7:22  Pylon  
  89  7:26  Templar Archives, Nexus  
  89  7:27  Zealot x2  
  89  7:29  Gateway  
  93  7:30  Zealot  
  93  7:31  Sentry  
  93  7:34  Probe  
  93  7:35  Probe  
  93  7:36  Probe  
  100  7:39  Warp Prism (Chrono Boost)  
  100  7:44  Zealot  
  104  7:45  Pylon  
  104  7:48  Protoss Ground Armor Level 2 (Chrono Boost)  
  104  7:51  Zealot  
  104  7:52  Zealot  
  104  7:55  Zealot  
  104  7:57  Probe  
  111  8:12  High Templar x2, Zealot x2  
  119  8:13  Immortal (Chrono Boost), Zealot x2  
  127  8:20  Archon  
  127  8:29  Zealot x2  
  127  8:32  Zealot x2  
  127  8:33  Zealot x2  
  139  8:34  Probe  
  139  8:36  Pylon  
  139  8:39  Pylon  
  139  8:40  Pylon  
  140  8:42  Pylon  
  140  8:47  Zealot x2  
  138  8:52  Zealot x2  
  135  8:56  Immortal (Chrono Boost)  
  135  8:59  Probe  
  135  9:00  Probe x3  
  135  9:02  Zealot x4  
  143  9:05  Pylon  
  147  9:12  Zealot x4  
  129  9:26  Zealot  
  129  9:27  Zealot x3  
  129  9:30  Immortal (Chrono Boost)  
  131  9:32  Zealot  
  131  9:33  Zealot x2  
  137  9:40  Protoss Ground Weapons Level 2, Zealot  
  137  9:43  Robotics Bay  
  139  9:49  Zealot x3  
  139  9:52  Robotics Facility  
  139  9:53  Blink  
  139  10:01  Probe, Zealot  
  139  10:02  Stalker x3  
  139  10:04  Probe  
  148  10:09  Probe  
  148  10:11  Probe  
  148  10:13  Probe, Assimilator  
  147  10:15  Assimilator  
  147  10:16  Phoenix (Chrono Boost), Dark Shrine  
  149  10:24  Photon Cannon  
  149  10:26  Stalker x3  
  149  10:27  High Templar  
  149  10:28  High Templar  
  159  10:31  Protoss Ground Armor Level 3  
  159  10:37  Archon, Pylon  
  159  10:48  Zealot x3  
  165  10:50  Disruptor (Chrono Boost)  
  165  10:52  Disruptor (Chrono Boost)  
  163  10:58  Zealot x6  
  165  11:11  Sentry x2  
  165  11:17  Disruptor  
  163  11:19  Zealot x2  
  163  11:20  Zealot x4  
  163  11:23  Disruptor (Chrono Boost)  
  129  11:37  Zealot x2  
  116  11:41  Zealot x6  
  120  11:53  Probe, Disruptor (Chrono Boost)  
  121  12:01  Dark Templar x2  
  126  12:04  Probe  
  126  12:05  Pylon, Sentry, Zealot x2  
  126  12:06  Stalker x3  
  139  12:15  Disruptor  
  135  12:27  Stalker x2  
  139  12:32  Probe  
  139  12:33  Probe  
  139  12:34  Probe x2  
  141  12:38  Disruptor  
  138  12:44  Probe  
  138  12:45  Stalker  
  138  12:46  Stalker  
  138  12:48  Zealot x4  
  151  12:55  Stalker x2  
  155  13:05  Photon Cannon  
  155  13:07  Photon Cannon  
  155  13:10  Zealot  
  155  13:11  Zealot  
  159  13:15  Nexus  
  159  13:17  Pylon  
  153  13:26  Nexus  
  149  13:32  Dark Templar x2  
  153  13:39  High Templar x2, Sentry, Zealot  
  153  13:40  Zealot  
  161  13:47  Archon  
  161  13:54  Zealot  
  163  13:57  Warp Prism  
  163  14:00  Probe x3  
  168  14:06  Stalker x3  
  168  14:09  Disruptor  
  177  14:10  Sentry  
  175  14:37  Zealot x2  
  175  14:38  Zealot x6  
Show
View Real Time Build Order
Export as new Build Order

LiquidClem Terran 

Build Orders: Reaper Expand 

Get SALT Encoding   

  12  0:00  SCV  
  13  0:12  SCV  
  14  0:16  Supply Depot  
  14  0:25  SCV  
  15  0:38  SCV  
  15  0:39  Barracks  
  16  0:44  Refinery  
  16  0:50  SCV  
  17  1:02  SCV  
  18  1:14  SCV  
  19  1:26  Orbital Command, Reaper  
  20  1:39  Command Center  
  20  1:47  Supply Depot  
  20  1:52  SCV  
  21  1:58  Marine  
  22  2:04  SCV  
  23  2:08  Factory  
  23  2:13  Bunker  
  23  2:16  SCV  
  23  2:20  Barracks Reactor  
  24  2:29  SCV, Refinery  
  25  2:41  SCV  
  26  2:53  SCV  
  26  2:55  Starport  
  26  2:57  Marine, Orbital Command  
  26  2:58  Marine  
  31  3:00  Factory Tech Lab  
  31  3:05  SCV  
  30  3:15  Marine x2  
  30  3:17  SCV  
  30  3:18  Cyclone  
  36  3:21  Supply Depot  
  36  3:23  SCV  
  37  3:29  SCV  
  37  3:32  Viking  
  40  3:35  SCV  
  40  3:36  Marine x2  
  43  3:41  Supply Depot  
  43  3:42  SCV  
  43  3:47  SCV  
  45  3:51  Cyclone  
  45  3:54  Marine x2  
  50  3:56  SCV  
  50  3:59  SCV  
  52  4:04  Supply Depot, Viking  
  54  4:11  SCV  
  54  4:12  SCV, Marine x2  
  58  4:23  SCV  
  59  4:27  SCV  
  59  4:29  Command Center  
  60  4:32  Siege Tank  
  60  4:34  Supply Depot  
  60  4:36  Marine  
  60  4:37  Marine  
  65  4:46  Viking  
  65  4:47  SCV  
  65  4:48  SCV  
  67  4:53  Supply Depot  
  67  4:54  Bunker  
  67  4:58  Marine x2  
  67  4:59  SCV, Bunker  
  70  5:04  SCV  
  70  5:05  Barracks  
  70  5:11  Siege Tank  
  70  5:12  SCV  
  74  5:16  Supply Depot  
  74  5:20  Barracks  
  74  5:24  Viking  
  74  5:25  SCV  
  75  5:30  Marine x2  
  75  5:34  SCV  
  75  5:35  Supply Depot  
  77  5:37  SCV  
  71  5:46  SCV, Siege Tank  
  71  5:47  SCV  
  71  5:48  Marine  
  71  5:50  Marine  
  71  5:53  SCV  
  71  5:59  Bunker  
  71  6:03  SCV, Engineering Bay  
  70  6:05  Barracks Tech Lab  
  70  6:07  Marine  
  70  6:08  Engineering Bay  
  70  6:09  Barracks Tech Lab  
  66  6:11  Refinery  
  66  6:13  Refinery  
  66  6:14  Orbital Command  
  65  6:19  SCV x2  
  65  6:22  Starport Reactor  
  65  6:24  Marine, Stimpack  
  68  6:28  Factory Reactor  
  68  6:31  Marine x2, SCV  
  68  6:32  SCV  
  72  6:34  Missile Turret  
  72  6:35  Missile Turret  
  72  6:36  Marine  
  73  6:42  Marine  
  73  6:43  SCV, Orbital Command  
  73  6:45  SCV  
  73  6:48  Marine  
  73  6:49  Marauder  
  73  6:53  Combat Shield  
  76  6:54  Barracks  
  76  6:55  Barracks  
  76  7:00  Marine, Marauder  
  76  7:01  SCV x2  
  80  7:06  Terran Infantry Weapons Level 1, Terran Infantry Armor Level 1  
  80  7:11  Marauder  
  80  7:12  Marine, SCV  
  80  7:13  SCV  
  80  7:15  SCV  
  82  7:18  Marine  
  82  7:21  Marauder  
  63  7:22  Medivac  
  85  7:24  SCV  
  85  7:25  SCV  
  85  7:26  Supply Depot  
  85  7:27  SCV  
  90  7:30  Marine  
  90  7:31  Medivac  
  90  7:32  Marauder  
  90  7:34  Widow Mine  
  90  7:35  Widow Mine  
  90  7:36  Marine, SCV  
  101  7:37  SCV, Supply Depot  
  101  7:39  SCV  
  101  7:42  Barracks Reactor, Barracks Tech Lab  
  103  7:45  Supply Depot  
  103  7:48  Marine, SCV  
  103  7:49  SCV, Marauder  
  108  7:53  Marine, Refinery, Marauder  
  108  7:54  Refinery  
  108  7:57  SCV, Armory  
  112  8:01  SCV x2  
  112  8:03  Marauder  
  112  8:04  Widow Mine  
  118  8:07  Missile Turret, Widow Mine  
  118  8:10  SCV  
  118  8:11  Supply Depot, Marauder  
  118  8:12  Concussive Shells  
  118  8:14  Marine x2  
  118  8:16  SCV  
  118  8:18  Marauder  
  118  8:19  SCV  
  124  8:22  SCV  
  124  8:24  Marine x2, Marauder  
  128  8:28  SCV  
  128  8:29  Armory  
  128  8:31  SCV  
  128  8:32  Marine x2, Marauder  
  134  8:39  Marauder  
  130  8:42  Marine  
  130  8:45  SCV  
  130  8:46  Marauder  
  125  8:50  Widow Mine  
  125  8:51  Widow Mine  
  125  9:00  Marine x2  
  125  9:01  SCV x2  
  127  9:04  Medivac x2  
  127  9:05  Marauder x2  
  127  9:07  Marine  
  127  9:09  Ghost Academy  
  136  9:11  Marine  
  136  9:12  SCV  
  137  9:17  Widow Mine x2  
  137  9:23  Marauder  
  139  9:26  Marine, Marauder  
  139  9:27  Supply Depot  
  139  9:29  SCV x2  
  139  9:30  Marine x2  
  137  9:31  SCV  
  137  9:35  Medivac x2  
  142  9:41  SCV x2, Widow Mine x2  
  148  9:47  Marine x2  
  148  9:49  Marauder x2  
  142  9:54  SCV x2  
  142  9:58  SCV  
  140  10:01  Ghost  
  140  10:05  Widow Mine x2  
  140  10:06  SCV x2  
  144  10:10  SCV  
  141  10:17  Marine x4  
  141  10:18  Missile Turret, Marauder  
  141  10:20  SCV x2  
  149  10:25  Marauder  
  151  10:30  Widow Mine x2  
  151  10:31  Marauder  
  151  10:33  Supply Depot  
  157  10:36  Supply Depot  
  157  10:48  Ghost  
  157  10:51  Marine  
  157  10:53  Ghost  
  157  10:55  Marine x2  
  152  10:58  Widow Mine  
  152  10:59  Widow Mine  
  152  11:01  SCV x2  
  152  11:03  SCV, Marauder  
  149  11:04  Marine  
  149  11:09  Marine  
  132  11:13  Marine x2, SCV x2  
  132  11:15  SCV  
  132  11:17  Marauder  
  133  11:23  Medivac  
  117  11:25  SCV  
  117  11:26  SCV  
  117  11:31  Marine  
  112  11:37  SCV  
  89  11:47  Terran Infantry Weapons Level 2  
  89  11:51  SCV x3  
  92  11:58  Terran Infantry Armor Level 2  
  91  12:03  SCV  
  91  12:05  Marine x4  
  96  12:10  Missile Turret  
  90  12:23  Widow Mine  
  90  12:24  Marine x2  
  90  12:26  Widow Mine  
  90  12:28  SCV x3  
  90  12:29  Marine, Marauder x2  
  104  12:30  Marine  
  104  12:35  Medivac  
  107  12:39  Medivac  
  107  12:43  Marine  
  110  12:44  Widow Mine, Marauder  
  110  12:45  Marine  
  110  12:50  Widow Mine  
  110  12:51  Marine x2  
  114  12:52  Marauder  
  114  12:54  Ghost  
  119  13:00  SCV x2  
  119  13:01  SCV, Marine  
  119  13:03  Marine  
  124  13:06  Widow Mine  
  124  13:08  Marine  
  124  13:09  Marine  
  124  13:10  Marauder  
  130  13:12  SCV  
  130  13:19  Marine  
  123  13:21  Medivac, Widow Mine  
  123  13:22  Medivac, Marauder  
  123  13:23  SCV  
  123  13:24  Marauder  
  120  13:31  Marine x2, Widow Mine, Marauder  
  124  13:37  Marine  
  125  13:42  Marine  
  125  13:44  Widow Mine  
  127  13:49  Marine x2  
  127  13:52  Marine  
  127  13:54  Widow Mine  
  127  13:55  Medivac x2  
  130  13:56  Marine  
  130  13:59  Marine  
  134  14:03  Command Center  
  134  14:12  Widow Mine  
  134  14:13  Marine  
  134  14:14  Marine  
  134  14:15  Marauder  
  134  14:16  Ghost  
  142  14:20  Marine  
  142  14:22  Widow Mine  
  142  14:23  Marauder  
  144  14:32  Marine  
Tags
 
Add a new tag
Caveats
  • Supply blocks, unpowered buildings, or Contaminate may cause inaccurate times.
  • Supply counts are checked every 10 seconds.